 Dungeon Crawl Stone Soup version 0.25-a0-663-gace7076f2c (webtiles) character file.

Game seed: 1879093086798236651, levelgen mode: deterministic

474 kae the Ruffian (level 6, -5/47 HPs)
             Began as a Draconian Transmuter on Mar 25, 2020.
             Killed by divine providence
             ... invoked by an orc priest
              (14 damage)
             ... on level 3 of the Dungeon.
             The game lasted 00:02:58 (2947 turns).

kae the Ruffian (Draconian Transmuter)              Turns: 2947, Time: 00:02:58

Health: -5/47      AC:  7    Str: 12    XL:     6   Next: 84%
Magic:  11/11      EV: 12    Int: 16    God:
Gold:   115        SH:  0    Dex: 11    Spells: 6/12 levels left

rFire    . . .     SeeInvis .     - Unarmed
rCold    . . .     Gourm    .   (no shield)
rNeg     . . .     Faith    .   (armour unavailable)
rPois    .         Spirit   .   (helmet restricted)
rElec    .         Reflect  .   b - +0 cloak
rCorr    .         Harm     .   (no gloves)
MR       .....                  (no boots)
Stlth    +.........             (no amulet)
HPRegen  0.15/turn              (no ring)
MPRegen  0.12/turn              (no ring)

@: mighty, brilliant, flying
A: unfitting armour, cold-blooded, AC +6
a: no special abilities


You were on level 3 of the Dungeon.
You were not hungry.

You visited 1 branch of the dungeon, and saw 3 of its levels.

You collected 115 gold pieces.

Inventory:

Missiles
 a - 41 arrows
Armour
 b - a +0 cloak (worn)
Jewellery
 d - an uncursed amulet of harm
Scrolls
 f - 2 scrolls of remove curse
 i - a scroll of teleportation {unknown}
Potions
 e - a potion of flight
 j - a potion of might
Comestibles
 c - 4 rations


   Skills:
 - Level 1.1 Fighting
 - Level 1.7 Dodging
 * Level 5.9 Unarmed Combat
 + Level 3.7 Spellcasting
 + Level 4.0 Transmutations


You had 6 spell levels left.
You knew the following spells:

 Your Spells              Type           Power        Failure   Level  Hunger
a - Beastly Appendage     Tmut           ###...       3%          1    None
b - Sticks to Snakes      Tmut           ###.....     4%          2    None
c - Spider Form           Tmut/Pois      ##........   22%         3    None

Your spell library contained the following spells:

 Spells                   Type           Power        Failure   Level  Hunger
 Ice Form                 Ice/Tmut       ##......     58%         4    None
 Blade Hands              Tmut           ###.......   67%         5    None


Dungeon Overview and Level Annotations

Branches:
Dungeon (3/15)

Altars:


Innate Abilities, Weirdness & Mutations

Your plain brown scales are hard. (AC +6)
You cannot fit into any form of body armour.
You are cold-blooded and may be slowed by cold attacks.


Message History

You closely miss the orc. The orc closely misses you.
You punch the orc!
You kill the orc!
The bat hits you but does no damage.
The orc priest mumbles some strange prayers to Beogh against you.
Beogh smites you!
* * * LOW HITPOINT WARNING * * *
You feel better. The bat hits you but does no damage.
You punch the bat!
You kill the bat!
The orc priest calls upon Beogh to heal the orc priest.
The orc priest's wounds heal themselves!
You barely miss the orc priest.
The orc priest hits you but does no damage.
You hit the orc priest but do no damage.
You closely miss the orc priest.
The orc priest hits you but does no damage.
The orc priest calls down the wrath of Beogh upon you.
Beogh smites you!
You die...

........##.####..... .#
................#.### .#
........##.######.#####.#
....(...##..............#
........#####...........####
........# #.###.##........
###.##### #†# .....#
#.#######...# #...@oo.)...#
#..###o##.#)# #..# #.# ...
#..# #.# ##.# ...# #o# .#
##.## ... # #.. .#. ## . .
## .#


You could see 2 orc priests and an orc.

Vanquished Creatures
  Sigmund (D:2)
  An orc warrior (D:3)
  A centaur (D:3)
  Jessica (D:2)
  4 gnolls (D:3)
  2 adders
  An ooze (D:3)
  3 dart slugs
  2 leopard geckos
  An orc (D:3)
  A giant cockroach (D:1)
  6 hobgoblins
  4 jackals (D:3)
  3 quokkas (D:2)
  4 bats
  4 frilled lizards
  7 goblins
  8 kobolds
  10 rats
64 creatures vanquished.

Notes
Turn   | Place    | Note
-------+----------+-------------------------------------------
     0 | D:1      | kae the Draconian Transmuter began the quest for the Orb.
     0 | D:1      | Reached XP level 1. HP: 16/16 MP: 3/3
   150 | D:1      | Reached XP level 2. HP: 12/23 MP: 3/5
   990 | D:2      | Reached XP level 3. HP: 26/28 MP: 4/6
   995 | D:2      | Learned a level 2 spell: Sticks to Snakes
  1099 | D:2      | Noticed Jessica
  1099 | D:2      | Noticed Sigmund
  1104 | D:2      | Killed Jessica
  1104 | D:2      | Reached skill level 4 in Unarmed Combat
  1106 | D:2      | HP: 1/28 [hobgoblin (1)]
  1326 | D:1      | Learned a level 3 spell: Spider Form
  1714 | D:2      | Killed Sigmund
  1714 | D:2      | Reached skill level 5 in Unarmed Combat
  1714 | D:2      | Reached XP level 4. HP: 20/35 MP: 4/8
  1714 | D:2      | Reached XP level 5. HP: 23/40 MP: 4/9
  2286 | D:3      | Noticed a centaur
  2297 | D:3      | Killed a centaur
  2297 | D:3      | Reached XP level 6. HP: 33/47 MP: 9/11
  2923 | D:3      | Noticed an orc warrior
  2940 | D:3      | Killed an orc warrior
  2942 | D:3      | HP: 1/47 [orc priest/divine providence (8)]
  2947 | D:3      | Killed from afar by an orc priest

Levels and vault maps discovered:
D:1:      heliophobic_arrival_henge, layout_basic
D:2:      layout_loops_ring, uniq_jessica, uniq_sigmund
D:3:      layout_loops_ring, minmay_snake_closets

Skill      XL: |  1  2  3  4  5  6 |
---------------+-------------------+-----
Unarmed Combat | 5 |  5.9
Spellcasting   | 3 |  3.7
Transmutations | 3 4 |  4.0
Fighting       | |  1.1
Dodging        | |  1.7

Action                   |  1- 3 |  4- 6 || total
-------------------------+-------+-------++-------
Melee: Unarmed           |   119 |   107 ||   226
       Tailslap          |    10 |     3 ||    13
       Headbutt          |     5 |     4 ||     9
       Punch             |     2 |     1 ||     3
       Kick              |     1 |       ||     1
 Cast: Beastly Appendage |    16 |    13 ||    29
       Spider Form       |     5 |     4 ||     9
       Sticks to Snakes  |     1 |       ||     1
  Use: Scroll            |     2 |     2 ||     4
       Potion            |     1 |     7 ||     8
 Stab: Sleeping          |     1 |     2 ||     3
       Distracted        |     1 |       ||     1
  Eat: Ration            |     1 |       ||     1
       Chunk             |       |     5 ||     5
Armor: Skin              |    17 |    35 ||    52
Dodge: Dodged            |    73 |    70 ||   143

Table legend:
 A = Non-vault XP
 B = Vault XP
 C = Vault XP percentage of total XP
 D = Non-vault monster count
 E = Vault monster count
 F = Vault count percentage of total count
                 A         B        C        D         E       F
            +---------+---------+-------+---------+---------+-------
      Total |     436 |     242 |  35.7 |      62 |       2 |   3.1
            +---------+---------+-------+---------+---------+-------
        D:1 |      29 |       0 |   0.0 |      16 |       0 |   0.0
        D:2 |      47 |     242 |  83.7 |      21 |       2 |   8.7
        D:3 |     360 |       0 |   0.0 |      25 |       0 |   0.0
            +---------+---------+-------+---------+---------+-------
